 Dungeon Crawl Stone Soup version 0.24-a0-630-g0d56a851f4 (webtiles) character file.

Game seed: 16071055470005324461, levelgen mode: deterministic

57 Ijustatesigmund the Chopper (level 3, -11/31 HPs)
             Began as a Minotaur Monk on Sept 20, 2019.
             Was a Believer of Lugonu.
             Mangled by a gnoll
             ... wielding a +1 halberd of distortion
              (16 damage)
             ... on level 2 of the Dungeon.
             The game lasted 00:02:01 (1231 turns).

Ijustatesigmund the Chopper (Minotaur Monk)         Turns: 1231, Time: 00:02:03

Health: -11/31     AC:  5    Str: 15    XL:     3   Next: 73%
Magic:  2/2        EV: 12    Int:  7    God:    Lugonu [**....]
Gold:   93         SH:  0    Dex: 13    Spells: 2/2 levels left

rFire    + . .     SeeInvis .   a - +0 hand axe
rCold    . . .     Gourm    .   (no shield)
rNeg     . . .     Faith    .   b - +0 ring mail
rPois    .         Spirit   .   (helmet restricted)
rElec    .         Reflect  .   (no cloak)
rCorr    .         Harm     .   (no gloves)
MR       .....                  (no boots)
Stlth    ..........             (no amulet)
HPRegen  0.10/turn              d - ring of protection from fire
MPRegen  0.08/turn              (no ring)

@: confused
A: retaliatory headbutt, horns 2
a: Depart the Abyss, Bend Space, Renounce Religion


You were on level 2 of the Dungeon.
You worshipped Lugonu.
Lugonu was pleased with you.
You were not hungry.

You visited 1 branch of the dungeon, and saw 2 of its levels.
You visited the Abyss 1 time.

You collected 93 gold pieces.

Inventory:

Hand Weapons
 a - a +0 hand axe (weapon)
Armour
 b - a +0 ring mail (worn)
Jewellery
 d - a ring of protection from fire (left hand)
Scrolls
 e - a scroll of remove curse {unknown}
 g - a scroll of enchant armour {unknown}
 h - a scroll of identify {unknown}
Comestibles
 c - 4 rations


   Skills:
 - Level 3.6 Fighting
 + Level 5.7 Axes
 - Level 3.2 Dodging
 - Level 1.5 Stealth


You had 2 spell levels left.
You didn't know any spells.
Your spell library was empty.

Dungeon Overview and Level Annotations

Branches:
Dungeon (2/15)

Altars:


Innate Abilities, Weirdness & Mutations

You reflexively headbutt those who attack you in melee.
You have a pair of horns on your head.


Message History

You are too injured to fight recklessly!
You are too injured to fight recklessly!
You are too injured to fight recklessly!
You are too injured to fight recklessly!
You are too injured to fight recklessly!
You are too injured to fight recklessly!
You are too injured to fight recklessly!
You are too injured to fight recklessly!
You are too injured to fight recklessly!
You are too injured to fight recklessly!
You are too injured to fight recklessly!
You are too injured to fight recklessly!
It was a potion of ambrosia.
You are confused.
You feel invigorated. The gnoll barely misses you.
The gnoll hits you with a +1 halberd of distortion!
* * * LOW HITPOINT WARNING * * *
Space warps horribly around you!
Ouch! That really hurt!
You die...

#.........#
##.........#
.........##
#......=..#
#.........#
#.....$...#
#...gg.[..#
#...@...>.#
##.......##
##.....##
#######


You could see 2 gnolls.

Vanquished Creatures
  2 gnolls (D:1)
  An ooze (D:1)
  A dart slug (D:1)
  3 leopard geckos (D:1)
  4 bats (D:1)
  5 goblins (D:1)
  A hobgoblin (D:1)
  3 jackals (D:1)
  A frilled lizard (D:1)
  5 kobolds (D:1)
  3 rats (D:1)
29 creatures vanquished.

Notes
Turn   | Place    | Note
-------+----------+-------------------------------------------
     0 | D:1      | Ijustatesigmund the Minotaur Monk began the quest for the
                  | Orb.
     0 | D:1      | Reached XP level 1. HP: 19/19 MP: 0/0
   118 | D:1      | Reached skill level 4 in Axes
   302 | D:1      | Reached XP level 2. HP: 23/26 MP: 1/1
   588 | D:1      | Reached skill level 5 in Axes
   588 | D:1      | Reached XP level 3. HP: 31/31 MP: 2/2
   968 | D:2      | Cast into level 1 of the Abyss (gnoll)
   968 | Abyss:1  | Found a corrupted altar of Lugonu.
   974 | Abyss:1  | Became a worshipper of Lugonu the Unformed
   974 | Abyss:1  | Reached * piety under Lugonu
   974 | Abyss:1  | Reached ** piety under Lugonu
   975 | D:2      | Escaped the Abyss
  1231 | D:2      | Mangled by a gnoll

Levels and vault maps discovered:
D:1:      dpeg_arrival_arbitrary_a, layout_basic
D:2:      layout_rooms, first_ration

Skill      XL: |  1  2 |
---------------+-------+-----
Axes           | 4 5 |  5.7
Fighting       | |  3.6
Dodging        | |  3.2
Stealth        | |  1.5

Action                   || total
-------------------------++-------
Melee: Hand axe          ||    54
       Headbutt          ||     8
Invok: Depart the Abyss  ||     1
  Use: Potion            ||     1
 Stab: Sleeping          ||     1
  Eat: Chunk             ||     1
Armor: Ring mail         ||    11
Dodge: Dodged            ||    50

Table legend:
 A = Non-vault XP
 B = Vault XP
 C = Vault XP percentage of total XP
 D = Non-vault monster count
 E = Vault monster count
 F = Vault count percentage of total count
                 A         B        C        D         E       F
            +---------+---------+-------+---------+---------+-------
      Total |      82 |       0 |   0.0 |      29 |       0 |   0.0
            +---------+---------+-------+---------+---------+-------
        D:1 |      82 |       0 |   0.0 |      29 |       0 |   0.0
            +---------+---------+-------+---------+---------+-------
